 Dungeon Crawl Stone Soup version 0.20.1-1-g8b1a95d (webtiles) character file.

81 troglodite the Skirmisher (level 4, -12/55 HPs)
             Began as a Demonspawn Berserker on Dec 22, 2017.
             Was a Believer of Trog.
             Mangled by a two-headed ogre
             ... wielding a +0 giant club
              (13 damage)
             ... on level 2 of the Dungeon.
             The game lasted 00:04:11 (1622 turns).

troglodite the Skirmisher (Demonspawn Berserker)    Turns: 1622, Time: 00:04:13

Health: -12/55     AC: 14    Str: 23    XL:     4   Next: 20%
Magic:  4/4        EV:  7    Int:  8    God:    Trog [**....]
Gold:   114        SH:  0    Dex: 13    Spells: 3/3 levels left

rFire    . . .     SeeInvis .   a - +0 falchion
rCold    + . .     Gourm    .   (no shield)
rNeg     . . .     Faith    .   q - +0 plate armour
rPois    .         Spirit   .   (no helmet)
rElec    .         Reflect  .   (no cloak)
rCorr    .         Harm     .   (no gloves)
MR       .....                  g - +0 pair of boots
Stlth    ..........             (no amulet)
Regen    0.2/turn               (no ring)
MPRegen  0.1/turn               (no ring)

@: berserking, very quick
A: talons 1, iridescent scales 1, cold resistance 1
a: Berserk, Trog's Hand, Burn Spellbooks, Renounce Religion


You were on level 2 of the Dungeon.
You worshipped Trog.
Trog was pleased with you.
You were hungry.

You visited 1 branch of the dungeon, and saw 2 of its levels.

You collected 114 gold pieces.

Inventory:

Hand Weapons
 a - a +0 falchion (weapon)
Armour
 g - a +0 pair of boots (worn)
 q - a +0 plate armour (worn)
Scrolls
 e - a scroll of recharging {unknown}
 h - a scroll of identify {unknown}
 j - 2 scrolls of enchant weapon {unknown}
 k - 2 scrolls of teleportation {unknown}
 l - a scroll of immolation {unknown}
 o - a scroll of magic mapping {unknown}
 r - a scroll of fog {unknown}
Potions
 b - a potion of haste {unknown}
 i - a potion of invisibility {unknown}
 m - 2 potions of berserk rage {unknown}
 p - a potion of agility {unknown}
 s - a potion of heal wounds {unknown}
Comestibles
 c - 2 bread rations
 f - a meat ration
 n - a royal jelly


   Skills:
 * Level 3.8 Fighting
 + Level 3.2 Long Blades
 * Level 2.1 Armour
 * Level 2.4 Dodging
 + Level 0.6 Stealth


You had 3 spell levels left.
You didn't know any spells.

Dungeon Overview and Level Annotations

Branches:
Dungeon (2/15)

Altars:
Sif Muna
Zin

Annotations:
D:2 2 transporters


Innate Abilities, Weirdness & Mutations

You have sharp toenails.
You are partially covered in iridescent scales. (AC +2)
Your flesh is cold resistant. (rC+)


Message History

The crimson imp shouts!
The two-headed ogre shouts in stereo!
You see here a dagger.
The bat hits you but does no damage.
The two-headed ogre hits you but does no damage.
The two-headed ogre hits you with a giant club!!
Ouch! That really hurt!
You see here 11 gold pieces.
The bat hits you but does no damage.
The crimson imp disappears for a moment.
A red film seems to cover your vision as you go berserk!
You feel yourself moving faster!
You feel mighty!
You are feeling hungry.
The bat hits you but does no damage.
You slash the two-headed ogre!
The two-headed ogre is lightly wounded.
The bat hits you but does no damage.
The two-headed ogre hits you with a giant club!!
* * * LOW HITPOINT WARNING * * *
The two-headed ogre hits you with a giant club!
You die...

##### ##...#####
#####........##
##.............# ####
#..#########...# #...
#.##8O@_.$8##..# #...
#.#..)$$b?..#(.# #...
#.#..#...#..#..# #...
#.#.#..5..#.#.(#####...
#.#©........#......#...
#.#.#.....#.#..(...#...
#.#..#...#..#......#...
#.#.........#...)..#...
#.##8.....8##......#...


You could see a two-headed ogre, a crimson imp and a bat.

Vanquished Creatures
  2 adders (D:2)
  An ooze (D:2)
  A worm (D:2)
  A dart slug (D:1)
  A leopard gecko (D:2)
  2 giant cockroaches (D:2)
  3 goblins
  12 hobgoblins
  8 kobolds
  A quokka (D:2)
  10 bats
  5 frilled lizards (D:2)
  4 rats
51 creatures vanquished.

Notes
Turn   | Place    | Note
-------+----------+-------------------------------------------
     0 | D:1      | troglodite the Demonspawn Berserker began the quest for the Orb.
     0 | D:1      | Reached XP level 1. HP: 18/18 MP: 1/1
   238 | D:1      | Gained mutation: Your flesh is cold resistant. (rC+) [demonic ancestry]
   238 | D:1      | Reached XP level 2. HP: 20/24 MP: 2/2
   626 | D:2      | Gained mutation: You have sharp toenails. [demonic ancestry]
   626 | D:2      | Reached XP level 3. HP: 26/29 MP: 3/3
   753 | D:2      | Noticed a two-headed ogre
   754 | D:2      | Found a transporter.
   754 | D:2      | Found a glowing silver altar of Zin.
   762 | D:2      | Reached ** piety under Trog
   769 | D:2      | Found a transporter.
  1325 | D:2      | Gained mutation: You are partially covered in iridescent scales. (AC +2) [demonic ancestry]
  1325 | D:2      | Reached XP level 4. HP: 25/37 MP: 4/4
  1571 | D:2      | Found a deep blue altar of Sif Muna.
  1622 | D:2      | HP: 1/55 [two-headed ogre/giant club (20)]
  1622 | D:2      | Mangled by a two-headed ogre

Skill      XL: |  1  2  3 |
---------------+----------+-----
Armour         | 2 |  2.1
Dodging        | 2 |  2.4
Long Blades    | 3 |  3.2
Fighting       | |  3.8
Stealth        | |  0.6

Action                   |  1- 3 |  4- 6 || total
-------------------------+-------+-------++-------
Melee: Falchion          |   133 |    32 ||   165
Invok: Berserk           |       |     1 ||     1
 Stab: Sleeping          |     1 |       ||     1
  Eat: Chunk             |     2 |     1 ||     3
Armor: Animal skin       |    56 |       ||    56
       Plate armour      |    26 |    21 ||    47
Dodge: Dodged            |   125 |    12 ||   137
       Rpst.: Falchion   |    45 |     3 ||    48
